General information
- name: BNet
- type: Ladder 1vs1/FFA
- host: Battle.net
- saver: brucewillisusa
map: TerenasStand
- players: 2
- length: 41:52
- speed: Fast
- version: 1.24 W3XP
- replay type: Public
» download(87 KB)
Players
team 1 (loser)
Sukilechat (
orange | 25 APM | 1033 actions | 41:51)
5 Blademaster
1 Wind Walk
3 Critical Strike
1 Mirror Image
4 Shadow Hunter
2 Healing Wave
2 Hex
» actions
| Basic commands | 21 | |
| Build / train | 89 | |
| Enter build submenu | 58 | |
| Enter hero's abilities submenu | 9 | |
| Right click | 328 | |
| Select / deselect | 422 | |
| Use ability | 106 | |
1033 total
» units
| Peon | 13 | |
| Grunt | 4 | |
| Troll Headhunter/Berserker | 15 | |
| Goblin Shredder | 1 | |
| Wind Rider | 11 | |
| Shaman | 4 | |
| Troll Witch Doctor | 2 | |
50 total
» upgrades
| Melee Weapons | 3 | |
| Armor | 3 | |
| Ranged Weapons | 4 | |
| Spiked Barricades | 2 | |
| Shaman Training | 2 | |
| Witch Doctor Training | 2 | |
| Berserker Strength | 1 | |
| Berserker Upgrade | 1 | |
| Reinforced Defenses | 1 | |
| Troll Regeneration | 1 | |
| Envenomed Spears | 1 | |
| Pillage | 1 | |
22 total
» buildings
| Altar of Storms | 1 | |
| Orc Burrow | 5 | |
| Barracks | 1 | |
| War Mill | 1 | |
| Stronghold | 1 | |
| Watch Tower | 39 | |
| Voodoo Lounge | 2 | |
| Beastiary | 1 | |
| Great Hall | 4 | |
| Fortress | 1 | |
| Spirit Lodge | 1 | |
57 total
» build order
00:09 Altar of Storms
00:12 Orc Burrow
00:42 Barracks
02:04 Orc Burrow
02:21 War Mill
03:26 Orc Burrow
03:35 Stronghold
04:02 Watch Tower
04:23 Voodoo Lounge
06:13 Beastiary
06:40 Watch Tower
06:50 Voodoo Lounge
07:39 Orc Burrow
08:00 Orc Burrow
10:24 Great Hall
10:31 Watch Tower
10:35 Fortress
10:41 Spirit Lodge
11:01 Watch Tower
11:09 Watch Tower
12:17 Watch Tower
12:22 Watch Tower
12:28 Watch Tower
14:30 Watch Tower
14:38 Watch Tower
15:53 Watch Tower
17:14 Great Hall
19:04 Watch Tower
19:14 Watch Tower
19:21 Watch Tower
19:42 Watch Tower
20:35 Watch Tower
20:40 Watch Tower
20:43 Watch Tower
22:11 Watch Tower
22:43 Watch Tower
23:29 Watch Tower
24:21 Watch Tower
24:28 Watch Tower
24:37 Watch Tower
26:46 Great Hall
27:06 Watch Tower
27:27 Watch Tower
27:41 Watch Tower
28:45 Watch Tower
29:29 Watch Tower
29:59 Watch Tower
30:36 Watch Tower
31:12 Watch Tower
31:49 Watch Tower
32:18 Watch Tower
33:01 Watch Tower
33:35 Great Hall
34:02 Watch Tower
34:13 Watch Tower
38:39 Watch Tower
39:18 Watch Tower
» items
| Healing Salve | 1 | |
| Orb of Lightning | 1 | |
| Scroll of Town Portal | 2 | |
4 total
team 2 (winner)

»
brucewillisusa (
pink | 23 APM | 966 actions | 41:52)
6 Archmage
3 Blizzard
2 Brilliance Aura
1 Mass Teleport
» actions
| Assign group hotkey | 52 | |
| Basic commands | 24 | |
| Build / train | 79 | |
| ESC pressed | 5 | |
| Enter build submenu | 31 | |
| Enter hero's abilities submenu | 6 | |
| Give item / drop item | 7 | |
| Remove unit from queue | 2 | |
| Right click | 312 | |
| Select / deselect | 196 | |
| Select group hotkey | 153 | |
| Use ability | 99 | |
966 total
» units
| Peasant | 13 | |
| Gryphon Rider | 6 | |
| Mortar Team | 4 | |
| Sorceress | 4 | |
27 total
» upgrades
| Masonry | 3 | |
| Storm Hammers | 1 | |
| Swords | 2 | |
| Armor | 3 | |
| Magic Sentry | 1 | |
| Sorceress Training | 2 | |
| Gunpowder | 2 | |
| Flare | 1 | |
| Fragmentation Shards | 1 | |
16 total
» buildings
| Altar of Kings | 1 | |
| Farm | 11 | |
| Lumber Mill | 1 | |
| Scout Tower | 20 | |
| Arcane Tower | 1 | |
| Guard Tower | 15 | |
| Keep | 1 | |
| Castle | 1 | |
| Gryphon Aviary | 3 | |
| Blacksmith | 1 | |
| Arcane Vault | 1 | |
| Town Hall | 1 | |
| Workshop | 2 | |
| Arcane Sanctum | 1 | |
60 total
» build order
00:31 Altar of Kings
00:44 Farm
01:00 Lumber Mill
01:17 Scout Tower
01:24 Farm
01:48 Arcane Tower
02:00 Farm
02:04 Scout Tower
02:24 Scout Tower
02:26 Scout Tower
02:53 Guard Tower
03:32 Keep
03:53 Guard Tower
04:11 Scout Tower
04:12 Scout Tower
12:04 Castle
12:05 Guard Tower
12:17 Scout Tower
12:18 Scout Tower
12:19 Scout Tower
12:20 Scout Tower
12:21 Scout Tower
12:26 Gryphon Aviary
12:27 Gryphon Aviary
12:34 Farm
12:35 Farm
12:35 Farm
13:13 Guard Tower
13:21 Guard Tower
13:42 Guard Tower
13:49 Gryphon Aviary
13:51 Farm
13:52 Farm
13:53 Farm
13:56 Farm
13:59 Guard Tower
14:10 Farm
14:54 Blacksmith
16:22 Arcane Vault
18:06 Scout Tower
18:07 Scout Tower
18:08 Scout Tower
18:08 Scout Tower
18:09 Scout Tower
18:09 Scout Tower
18:10 Scout Tower
18:11 Scout Tower
18:12 Scout Tower
19:15 Guard Tower
19:19 Guard Tower
19:19 Guard Tower
19:19 Guard Tower
19:30 Guard Tower
19:46 Guard Tower
20:32 Town Hall
20:33 Guard Tower
37:10 Workshop
37:12 Workshop
37:15 Arcane Sanctum
» items
| Boots of Speed | 1 | |
| Staff of Teleportation | 1 | |
| Staff of Sanctuary | 1 | |
| Scroll of Town Portal | 3 | |
| Scroll of Regeneration | 3 | |
9 total
Chat log
(00:22 / All) Sukilechat: irak and aghanistan rules
(00:38 / All) brucewillisusa: i dont like jihad
(01:33 / All) Sukilechat: you guys were not able to do anything, just deaths
(01:46 / All) brucewillisusa: is saddam still in power?
(02:02 / All) Sukilechat: no worse than him now...
(02:17 / All) brucewillisusa: how worse?
(02:33 / All) Sukilechat: they don't have control anymore, saddam did
(02:43 / All) brucewillisusa: hitler had control, thats not everything
(02:57 / All) Sukilechat: you will see...
(03:01 / All) Sukilechat: anyways
(36:04 / All) brucewillisusa: rofl
(36:29 / All) brucewillisusa: do you realize ive been afk 80% of the time?
(41:08 / All) brucewillisusa: noob